Map: Fields of Death

Players

PiPuxD - Winner!

  • Race: Protoss Protoss
  • League: Gold
  • Spawn Location: 6:00

MattBarry - Winner!

  • Race: Zerg Zerg
  • League: Gold
  • Spawn Location: 7:00

Edaliz

  • Race: Protoss Protoss
  • League: Platinum
  • Spawn Location: 12:00

Karonte

  • Race: Terran Terran
  • League: Gold
  • Spawn Location: 12:00

VOD

Have the link to the VOD?

Description

Time

  • Played on: Jan. 28, 2023, 11:01 p.m.
  • Length: 12:30
Show
View Real Time Build Order
Export as new Build Order

PiPuxD Protoss - Winner!

Build Orders: 1 Gate Expand, Oracle Opening 

Get SALT Encoding   

  12  0:00  Probe  
  13  0:12  Probe  
  14  0:18  Pylon  
  14  0:24  Probe  
  15  0:38  Gateway  
  15  0:40  Probe (Chrono Boost)  
  17  0:50  Probe (Chrono Boost)  
  17  0:55  Assimilator, Probe (Chrono Boost)  
  18  1:07  Probe  
  19  1:20  Nexus  
  19  1:24  Probe  
  20  1:33  Cybernetics Core  
  20  1:37  Probe  
  21  1:44  Pylon  
  21  1:50  Probe  
  22  2:02  Probe  
  23  2:10  Adept, Warp Gate  
  23  2:14  Probe  
  26  2:15  Assimilator  
  26  2:24  Pylon  
  26  2:27  Probe  
  27  2:32  Probe  
  28  2:39  Probe  
  29  2:44  Probe  
  29  2:46  Zealot  
  32  2:51  Stargate  
  32  2:53  Probe (Chrono Boost)  
  32  2:57  Probe (Chrono Boost)  
  34  3:05  Probe (Chrono Boost)  
  35  3:09  Probe (Chrono Boost)  
  35  3:12  Probe (Chrono Boost)  
  37  3:13  Probe (Chrono Boost)  
  37  3:19  Probe  
  38  3:22  Zealot  
  42  3:27  Pylon, Probe  
  42  3:32  Oracle (Chrono Boost), Probe  
  43  3:39  Probe  
  43  3:40  Gateway  
  47  3:42  Gateway  
  47  3:44  Probe  
  48  3:51  Probe  
  49  3:59  Oracle (Chrono Boost)  
  49  4:00  Probe  
  53  4:03  Probe  
  53  4:06  Stalker  
  56  4:14  Pylon  
  56  4:22  Probe x2  
  58  4:29  Nexus  
  59  4:52  Probe  
  59  4:53  Probe  
  59  4:55  Stalker x3  
  66  5:00  Twilight Council  
  66  5:05  Forge, Probe  
  66  5:06  Probe  
  65  5:07  Forge  
  65  5:11  Pylon  
  66  5:21  Probe x2  
  66  5:25  Phoenix  
  69  5:31  Blink (Chrono Boost)  
  69  5:34  Pylon  
  69  5:37  Pylon  
  69  5:41  Assimilator  
  69  5:44  Probe x2  
  69  5:45  Assimilator, Probe  
  72  5:55  Protoss Ground Weapons Level 1 (Chrono Boost), Protoss Ground Armor Level 1 (Chrono Boost)  
  72  5:56  Probe x2  
  72  5:57  Probe  
  75  6:08  Probe  
  75  6:09  Probe  
  75  6:10  Probe  
  75  6:15  Stalker  
  75  6:17  Zealot  
  79  6:19  Zealot  
  79  6:21  Probe  
  82  6:29  Assimilator  
  82  6:31  Assimilator  
  82  6:36  Pylon  
  82  6:38  Pylon  
  82  6:39  Stalker x3  
  88  6:49  Robotics Facility  
  88  6:51  Pylon  
  88  7:02  Probe  
  88  7:03  Probe  
  88  7:07  Pylon, Stalker x3  
  96  7:34  Charge  
  96  7:35  Protoss Ground Weapons Level 2 (Chrono Boost), Protoss Ground Armor Level 2 (Chrono Boost)  
  96  7:36  Gateway x2  
  96  7:37  Observer  
  96  7:38  Gateway  
  96  7:40  Gateway, Stalker x3  
  103  7:54  Nexus  
  103  7:55  Pylon  
  103  7:57  Pylon  
  103  8:06  Warp Prism  
  105  8:16  Probe x2  
  105  8:19  Stalker x3  
  89  8:55  Stalker  
  89  8:56  Stalker x6  
  89  9:02  Observer  
  102  9:07  Probe x3  
  105  9:15  Assimilator  
  105  9:19  Stalker x6, Assimilator  
  105  9:20  Stalker  
  119  9:24  Pylon  
  119  9:26  Observer  
  120  9:37  Fleet Beacon  
  120  9:40  Cybernetics Core, Protoss Ground Armor Level 3 (Chrono Boost), Protoss Ground Weapons Level 3 (Chrono Boost)  
  120  9:45  Stalker  
  120  9:46  Stalker x6  
  134  10:12  Stalker x3  
  134  10:13  Stalker x4  
  124  10:40  Stalker x4  
  124  10:41  Stalker x3  
  116  11:19  Stalker x4  
  116  11:20  Stalker x3  
  128  11:29  Observer  
  129  11:43  Stalker  
  129  11:44  Stalker x6  
  143  12:07  Stalker x6  
  143  12:08  Stalker  
  155  12:23  Gateway  
  155  12:25  Gateway  
  155  12:28  Gateway  
  155  12:30  Gateway  
Show
View Real Time Build Order
Export as new Build Order

MattBarry Zerg - Winner!

Build Orders: Hatch First 

Get SALT Encoding   

  12  0:00  Drone  
  13  0:12  Overlord  
  13  0:19  Drone  
  14  0:30  Drone x2  
  17  0:42  Drone  
  17  1:04  Hatchery  
  16  1:11  Drone x2  
  18  1:15  Extractor  
  17  1:18  Spawning Pool  
  17  1:22  Drone x2  
  18  1:42  Drone  
  18  1:45  Overlord  
  19  1:54  Drone  
  20  2:09  Zergling x2  
  20  2:10  Queen  
  23  2:16  Queen  
  23  2:18  Metabolic Boost  
  23  2:21  Drone x2  
  27  2:34  Evolution Chamber  
  26  2:39  Drone  
  26  2:40  Drone x3  
  30  2:53  Zergling x4  
  32  3:00  Overlord  
  32  3:01  Drone  
  32  3:28  Extractor  
  31  3:34  Lair  
  31  3:35  Baneling Nest  
  31  3:38  Zergling x8  
  31  3:39  Zergling x4  
  36  3:41  Drone  
  36  3:42  Drone x3  
  40  3:52  Drone  
  40  3:53  Drone x3  
  44  4:00  Zerg Melee Weapons Level 1  
  44  4:07  Overlord  
  44  4:11  Overlord  
  44  4:17  Roach Warren  
  44  4:19  Evolution Chamber  
  42  4:49  Spore Crawler  
  42  4:51  Spore Crawler  
  40  5:01  Drone x3  
  40  5:02  Drone x3  
  46  5:22  Overlord x2  
  46  5:26  Pneumatized Carapace  
  46  5:31  Extractor  
  46  5:33  Glial Reconstitution, Hatchery, Extractor  
  46  5:35  Zerg Ground Armor Level 1  
  43  5:40  Evolution Chamber, Centrifugal Hooks  
  43  5:41  Drone x4  
  43  5:42  Drone x3  
  49  5:46  Drone  
  49  5:47  Drone x2  
  52  6:10  Zerg Missile Weapons Level 1  
  52  6:11  Zerg Melee Weapons Level 2  
  52  6:16  Zergling x2  
  52  6:17  Zergling x20  
  63  6:31  Drone x5  
  68  6:39  Overlord  
  68  6:46  Nydus Network  
  67  6:49  Overlord  
  67  6:51  Roach x3  
  73  6:57  Evolution Chamber  
  73  6:58  Roach x2  
  73  6:59  Roach  
  73  7:00  Overlord  
  79  7:03  Baneling x3  
  79  7:04  Baneling  
  79  7:12  Baneling x6  
  79  7:27  Baneling x2  
  79  7:28  Roach  
  79  7:29  Roach x3  
  87  7:30  Zergling x6  
  87  7:31  Zergling x6  
  87  7:35  Overseer  
  93  7:45  Drone  
  93  7:46  Drone x2  
  96  7:51  Drone x2  
  96  7:54  Overlord  
  98  8:29  Drone  
  98  8:30  Drone x7  
  106  8:35  Overlord x3  
  106  8:42  Nydus Canal  
  106  8:53  Queen x3  
  98  9:28  Queen x2  
  71  10:23  Hatchery, Spire  
  71  10:24  Spire  
  68  10:29  Infestation Pit  
  68  10:31  Hydralisk Den  
  68  10:34  Hydralisk Den  
  65  10:47  Extractor  
  65  10:49  Extractor  
  63  11:13  Overlord  
  63  11:27  Pathogen Glands  
  63  11:32  Overseer  
  63  11:37  Drone x13  
  63  11:38  Drone x14  
  90  11:41  Overlord x3  
  90  11:42  Zergling x22  
  90  11:43  Zergling x6  
  104  12:07  Extractor  
  104  12:08  Extractor  
Show
View Real Time Build Order
Export as new Build Order

Edaliz Protoss 

Build Orders: Phoenix Opening 

Get SALT Encoding   

  12  0:00  Probe  
  13  0:13  Probe  
  14  0:20  Pylon  
  14  0:25  Probe  
  15  0:38  Probe  
  16  0:43  Gateway  
  16  0:50  Probe (Chrono Boost)  
  16  0:51  Assimilator  
  17  1:01  Probe (Chrono Boost)  
  18  1:06  Assimilator, Probe (Chrono Boost)  
  19  1:22  Forge  
  19  1:26  Probe  
  20  1:41  Probe  
  21  1:52  Cybernetics Core  
  21  1:53  Probe  
  22  1:57  Photon Cannon  
  22  2:01  Photon Cannon  
  22  2:05  Probe  
  23  2:21  Pylon  
  23  2:28  Warp Gate  
  23  2:38  Stargate  
  23  3:03  Nexus  
  23  3:06  Probe  
  24  3:18  Probe  
  25  3:30  Probe  
  25  3:32  Pylon  
  26  3:35  Photon Cannon  
  26  3:53  Fleet Beacon  
  26  3:54  Stargate  
  26  3:57  Phoenix  
  28  4:04  Probe (Chrono Boost)  
  29  4:12  Assimilator  
  29  4:15  Probe (Chrono Boost)  
  31  4:17  Assimilator  
  31  4:18  Probe (Chrono Boost)  
  31  4:19  Probe (Chrono Boost)  
  32  4:33  Phoenix  
  30  4:51  Probe x2  
  31  5:03  Probe (Chrono Boost)  
  31  5:04  Probe (Chrono Boost)  
  33  5:15  Probe (Chrono Boost)  
  33  5:16  Probe (Chrono Boost)  
  33  5:18  Carrier  
  41  5:22  Probe x2 (Chrono Boost)  
  43  5:30  Probe x2 (Chrono Boost)  
  45  5:37  Carrier  
  45  5:42  Probe x2 (Chrono Boost)  
  54  5:50  Probe (Chrono Boost)  
  54  6:02  Pylon  
  54  6:05  Pylon  
  54  6:20  Probe x2  
  58  6:28  Phoenix  
  58  6:32  Probe x2  
  60  6:41  Phoenix  
  60  6:44  Probe x2  
  60  6:46  Anion Pulse-Crystals  
  64  6:53  Nexus  
  64  6:57  Cybernetics Core  
  64  6:59  Protoss Shields Level 1  
  64  7:03  Protoss Air Weapons Level 1  
  64  7:08  Photon Cannon  
  64  7:18  Probe (Chrono Boost)  
  64  7:20  Probe (Chrono Boost)  
  66  7:28  Probe (Chrono Boost)  
  66  7:29  Probe (Chrono Boost)  
  68  7:31  Pylon  
  68  7:33  Pylon, Probe x2 (Chrono Boost)  
  70  7:40  Photon Cannon  
  70  7:42  Photon Cannon  
  70  7:44  Shield Battery  
  70  7:49  Probe x2  
  72  7:51  Pylon  
  72  7:55  Pylon  
  72  8:01  Probe x2  
  72  8:04  Robotics Facility  
  74  8:15  Pylon  
  74  8:27  Photon Cannon  
  74  8:32  Photon Cannon  
  74  8:33  Shield Battery  
  73  9:07  Carrier x2 (Chrono Boost)  
  84  9:36  Photon Cannon  
  84  9:38  Photon Cannon  
  83  9:40  Photon Cannon  
  83  9:45  Pylon  
  71  9:46  Probe (Chrono Boost)  
  71  9:47  Probe (Chrono Boost)  
  71  9:52  Probe (Chrono Boost)  
  74  9:55  Assimilator  
  74  9:56  Assimilator, Probe x2 (Chrono Boost)  
  77  10:00  Probe (Chrono Boost)  
  77  10:01  Probe x2 (Chrono Boost)  
  78  10:12  Probe  
  70  10:27  Nexus  
  48  11:34  Gateway  
  48  11:42  Gateway x2  
  48  11:44  Gateway  
  48  11:46  Gateway  
  48  11:49  Gateway  
Show
View Real Time Build Order
Export as new Build Order

Karonte Terran 

Build Orders: 2 Factory 

Get SALT Encoding   

  12  0:00  SCV  
  13  0:17  Supply Depot  
  13  0:19  SCV  
  14  0:36  SCV  
  14  0:40  Refinery  
  15  0:43  Barracks  
  15  0:49  SCV  
  16  1:00  Supply Depot  
  16  1:09  SCV  
  17  1:21  SCV  
  18  1:31  Reaper  
  19  1:35  Orbital Command, Refinery  
  19  2:02  SCV  
  20  2:19  Factory  
  20  2:25  Barracks Tech Lab  
  20  2:32  SCV  
  22  2:44  SCV  
  22  2:50  Reaper  
  23  2:56  SCV  
  24  2:58  Supply Depot  
  24  3:08  SCV  
  25  3:19  Factory  
  25  3:21  Factory Reactor  
  25  3:22  SCV  
  25  3:23  Marauder  
  28  3:34  SCV, Command Center, Stimpack  
  29  3:53  SCV  
  30  3:56  Supply Depot  
  30  4:00  Marauder  
  32  4:04  Hellion  
  32  4:05  SCV  
  32  4:07  Hellion  
  37  4:14  Factory Tech Lab  
  37  4:17  SCV  
  38  4:27  Starport  
  38  4:29  SCV  
  37  4:42  Cyclone  
  39  5:03  Engineering Bay  
  39  5:07  Armory, Medivac  
  39  5:10  Marauder  
  45  5:36  Widow Mine, Hellion  
  45  5:37  Cyclone, Medivac  
  52  5:46  Orbital Command  
  52  5:50  Missile Turret  
  52  5:56  SCV  
  53  6:08  SCV  
  54  6:14  Missile Turret  
  54  6:18  SCV  
  55  6:20  SCV  
  56  6:27  Marauder  
  56  6:30  SCV  
  56  6:32  SCV  
  60  6:39  Missile Turret  
  60  6:41  Widow Mine  
  60  6:42  Drilling Claws  
  62  6:55  Refinery x2  
  62  7:02  Supply Depot  
  62  7:23  Widow Mine, Cyclone, SCV x2  
  69  7:35  SCV  
  69  7:36  Supply Depot  
  70  7:38  Bunker  
  70  7:40  SCV, Hellion  
  73  7:47  SCV, Hellion  
  76  7:52  SCV  
  76  7:58  Cyclone  
  80  8:07  Sensor Tower  
  80  8:08  Supply Depot  
  80  8:23  Sensor Tower  
  80  8:30  Cyclone  
  80  8:31  Supply Depot  
  82  8:53  Supply Depot  
  79  9:15  Supply Depot  
  61  10:05  Marauder  
  61  10:06  Widow Mine x2  
  61  10:07  Cyclone  
  66  10:26  Marauder  
  45  10:39  Cyclone  
  44  10:48  Marauder  
  34  10:57  Widow Mine x2  
  38  11:09  Marauder  
  29  11:19  Widow Mine x2  
  29  11:30  Marauder  
  26  11:40  Widow Mine  
  28  11:50  Widow Mine  
Tags
 
Add a new tag
Caveats
  • Supply blocks, unpowered buildings, or Contaminate may cause inaccurate times.
  • Supply counts are checked every 10 seconds.